AoeStats
← BenJames

QS Arena

503525449Analyzed
2v2 RM · 1mo ago on Sep 1, 2026· 20m 18s· 4 players
Game mode
Random Map
Map size
Medium (4 player)
Population
200
Speed
Normal
Resources
Standard
Victory
Conquest
Starting age
Dark Age
Ending age
Imperial Age
RankedLock teamsTeams togetherTeam positionsShared explorationLock speedFull tech treeHidden civsTurbo modeCheats
Victory
Defeat
🇨🇱 Celts · Chile
1182
+14
🇨🇱 Mongols · Chile
1182
+14
🇨🇴 Malians · Colombia
1152
-15
🇨🇱 Celts · Chile
1144
-14
Muzan Kibut6411
9:03 Feudal Age
14:14 Castle Age
12:32 Double-Bit Axe
15:22 Wheelbarrow
15:56 Loom
17:52 Town Watch
18:51 Fletching
BenJames
8:25 Feudal Age
9:22 Loom
13:38 Castle Age
11:43 Double-Bit Axe
12:55 Stone Mining
13:11 Horse Collar
15:11 Wheelbarrow
18:50 Scale Mail Armor
Jam Cat
9:45 Feudal Age
10:42 Loom
15:26 Castle Age
14:46 Wheelbarrow
14:03 Gold Mining
13:59 Double-Bit Axe
13:57 Horse Collar
sibus
8:14 Feudal Age
12:32 Castle Age
13:06 Fletching
13:50 Bodkin Arrow
Connection lost

Rejoining the realm…

Still unreachable

The connection could not be restored.

Session expired

The server has moved on; the page needs a fresh start.